WLB
HOUSTON ASTROS @ NEW YORK METS
08/28/2023
 
TOP OF THE 1ST
Houston Astros batting - Pitching for New York Mets : RHP Luis Castillo
Pitching: RHP Luis Castillo
Batting: LHB Akil Baddoo 0-0: Foul Ball, location: 2F
0-1: Ball
1-1: Foul Ball, location: 2F
1-2: Ground out 4-3 (Groundball, 4M, EV 93.1 MPH)
Batting: LHB Will Benson 0-0: Ball
1-0: Fly out, F8 (Flyball, 78D, EV 95.0 MPH)
Batting: RHB Manny Machado 0-0: Called Strike
0-1: Ground out 6-3 (Groundball, 6, EV 81.2 MPH)
Top of the 1st over - 0 runs, 0 hits, 0 errors, 0 left on base; Houston 0 - New York 0
BOTTOM OF THE 1ST
New York Mets batting - Pitching for Houston Astros : RHP Luis Patiño
Pitching: RHP Luis Patiño
Batting: LHB Gavin Lux 0-0: Ball
1-0: Fly out, F5 (Popup, 15, EV 86.9 MPH)
Batting: LHB Brandon Nimmo 0-0: Ball
1-0: Called Strike
1-1: Foul Ball, location: 2F
1-2: Foul Ball, location: 2F
1-2: Ball
2-2: Ball
3-2: DOUBLE (Groundball, 3L, EV 106.2 MPH)
Batting: RHB Paul Goldschmidt 0-0: Ball
1-0: Ball
2-0: Called Strike
2-1: Foul Ball, location: 2F
2-2: 2-RUN HOME RUN (Flyball, 7LD, EV 96.2 MPH), Distance : 351 ft
Batting: RHB Mike Trout 0-0: Ball
1-0: Ball
2-0: Foul Ball, location: 2F
2-1: Fly out, F7 (Flyball, 7, EV 84.4 MPH)
Batting: LHB Cody Bellinger 0-0: Ball
1-0: Called Strike
1-1: Ball
2-1: Foul Ball, location: 2F
2-2: Foul Ball, location: 2F
2-2: Ball
3-2: Base on Balls
Batting: RHB Tyler Stephenson 0-0: Called Strike
0-1: Foul Ball, location: 2F
0-2: Foul Ball, location: 2F
0-2: Ball
1-2: Ball
2-2: Single, Error in OF, E8, batter to second base (Line Drive, 8LS, EV 104.4 MPH)
Cody Bellinger to third
Batting: LHB Kolten Wong 0-0: Called Strike
0-1: Fly out, F8 (Flyball, 8LXD, EV 95.6 MPH)
Bottom of the 1st over - 2 runs, 3 hits, 1 error, 2 left on base; Houston 0 - New York 2
TOP OF THE 2ND
Houston Astros batting - Pitching for New York Mets : RHP Luis Castillo
Batting: LHB Matt Carpenter 0-0: Called Strike
0-1: Foul Ball, location: 2F
0-2: Foul Ball, location: 2F
0-2: Strikes out swinging
Batting: LHB Austin Allen 0-0: Called Strike
0-1: Called Strike
0-2: Ball
1-2: Strikes out swinging
Batting: LHB Ji-man Choi 0-0: Ball
1-0: Ball
2-0: Ball
3-0: Base on Balls
Batting: RHB DJ LeMahieu 0-0: Ball
1-0: Foul Ball, location: 2F
1-1: Foul Ball, location: 2F
1-2: SINGLE (Groundball, 3D, EV 93.8 MPH)
Ji-man Choi to second
Runner from 2nd tries for 3rd, SAFE, throw by RF made to third
Batting: RHB Jose Rondon 0-0: Called Strike
0-1: Fly out, F8 (Flyball, 89D, EV 96.9 MPH)
Top of the 2nd over - 0 runs, 1 hit, 0 errors, 2 left on base; Houston 0 - New York 2
BOTTOM OF THE 2ND
New York Mets batting - Pitching for Houston Astros : RHP Luis Patiño
Batting: RHB Ke'Bryan Hayes 0-0: Called Strike
0-1: Foul Ball, location: 2F
0-2: Fly out, F7 (Line Drive, 7S, EV 85.0 MPH)
Batting: RHB Andrelton Simmons 0-0: Ball
1-0: Ball
2-0: Foul Ball, location: 2F
2-1: Fly out, F4 (Popup, 4S, EV 78.1 MPH)
Batting: LHB Gavin Lux 0-0: Ball
1-0: Ball
2-0: Swinging Strike
2-1: Called Strike
2-2: Foul Ball, location: 2F
2-2: Ball
3-2: Foul Ball, location: 2F
3-2: Base on Balls
Batting: LHB Brandon Nimmo 0-0: Ball
1-0: Foul Ball, location: 2F
1-1: Ball
2-1: Ground out 4-3 (Groundball, 4S, EV 69.4 MPH)
Bottom of the 2nd over - 0 runs, 0 hits, 0 errors, 1 left on base; Houston 0 - New York 2
TOP OF THE 3RD
Houston Astros batting - Pitching for New York Mets : RHP Luis Castillo
Batting: RHB Michael A. Taylor 0-0: Ball
1-0: Bunt for hit to 3S - play at first, batter OUT! 3-4
Batting: LHB Akil Baddoo 0-0: SINGLE (Groundball, 4MD, EV 96.9 MPH)
Batting: LHB Will Benson 0-0: Ball
1-0: Ball
2-0: Ground out 6-3 (Groundball, P, EV 93.1 MPH)
Akil Baddoo to second
Batting: RHB Manny Machado 0-0: Foul Ball, location: 2F
0-1: Ball
1-1: Ground out 6-3 (Groundball, 6D, EV 103.8 MPH)
Top of the 3rd over - 0 runs, 1 hit, 0 errors, 1 left on base; Houston 0 - New York 2
BOTTOM OF THE 3RD
New York Mets batting - Pitching for Houston Astros : RHP Luis Patiño
Batting: RHB Paul Goldschmidt 0-0: Ball
1-0: Fly out, F4 (Popup, 4, EV 73.1 MPH)
Batting: RHB Mike Trout 0-0: Ball
1-0: Ground out 6-3 (Groundball, 6, EV 106.2 MPH)
Batting: LHB Cody Bellinger 0-0: Called Strike
0-1: Ground out 4-3 (Groundball, 4D, EV 103.1 MPH)
Bottom of the 3rd over - 0 runs, 0 hits, 0 errors, 0 left on base; Houston 0 - New York 2
TOP OF THE 4TH
Houston Astros batting - Pitching for New York Mets : RHP Luis Castillo
Batting: LHB Matt Carpenter 0-0: Ground out 3-1 (Groundball, 34, EV 106.2 MPH)
Batting: LHB Austin Allen 0-0: Ball
1-0: Ground out 4-3 (Groundball, 4, EV 83.8 MPH)
Batting: LHB Ji-man Choi 0-0: Fly out, F8 (Flyball, 8RD, EV 88.1 MPH)
Top of the 4th over - 0 runs, 0 hits, 0 errors, 0 left on base; Houston 0 - New York 2
BOTTOM OF THE 4TH
New York Mets batting - Pitching for Houston Astros : RHP Luis Patiño
Batting: RHB Tyler Stephenson 0-0: Ball
1-0: Called Strike
1-1: Ball
2-1: Foul Ball, location: 2F
2-2: SINGLE (Line Drive, 8LS, EV 106.2 MPH)
Batting: LHB Kolten Wong 0-0: Ball
1-0: Ground out 1-3 (Groundball, 15S, EV 68.8 MPH)
Tyler Stephenson to second
Batting: RHB Ke'Bryan Hayes 0-0: Called Strike
0-1: Foul Ball, location: 2F
0-2: Ball
1-2: Ground out 4-3 (Groundball, 4, EV 93.8 MPH)
Tyler Stephenson to third
Batting: RHB Andrelton Simmons 0-0: Foul Ball, location: 2F
0-1: Ball
1-1: Called Strike
1-2: Ground out 6-3 (Groundball, 56, EV 103.8 MPH)
Bottom of the 4th over - 0 runs, 1 hit, 0 errors, 1 left on base; Houston 0 - New York 2
TOP OF THE 5TH
Houston Astros batting - Pitching for New York Mets : RHP Luis Castillo
Batting: RHB DJ LeMahieu 0-0: Ball
1-0: Foul Ball, location: 2F
1-1: Foul Ball, location: 2F
1-2: Foul Ball, location: 2F
1-2: Fly out, F8 (Flyball, 8LM, EV 90.6 MPH)
Batting: RHB Jose Rondon 0-0: Ball
1-0: Foul Ball, location: 2F
1-1: Ball
2-1: Foul Ball, location: 2F
2-2: Fly out, F9 (Flyball, 9LS, EV 96.2 MPH)
Batting: RHB Michael A. Taylor 0-0: SINGLE (Groundball, 56S, EV 71.9 MPH) (infield hit)
Batting: LHB Akil Baddoo 0-0: Ball
1-0: Foul Ball, location: 2F
1-1: Ball
2-1: Ground out U3 (Groundball, 3, EV 96.9 MPH)
Top of the 5th over - 0 runs, 1 hit, 0 errors, 1 left on base; Houston 0 - New York 2
BOTTOM OF THE 5TH
New York Mets batting - Pitching for Houston Astros : RHP Luis Patiño
Batting: LHB Gavin Lux 0-0: Ball
1-0: Ball
2-0: SINGLE (Line Drive, 4D, EV 94.4 MPH)
Batting: LHB Brandon Nimmo 0-0: Called Strike
0-1: Ball
1-1: SINGLE (Groundball, 56D, EV 94.4 MPH)
Gavin Lux to second
Batting: RHB Paul Goldschmidt 0-0: Ball
1-0: Ball
2-0: Ball
3-0: Base on Balls
Gavin Lux to third
Brandon Nimmo to second
Batting: RHB Mike Trout 0-0: Ball
1-0: Called Strike
1-1: Ball
2-1: GRAND SLAM HOME RUN (Flyball, 7D, EV 105.6 MPH), Distance : 388 ft
Pitching: LHP Tyler Lyons
Batting: LHB Cody Bellinger 0-0: Called Strike
0-1: Ball
1-1: Swinging Strike
1-2: Strikes out looking
Batting: RHB Tyler Stephenson 0-0: Ball
1-0: Called Strike
1-1: Ball
2-1: DOUBLE (Flyball, 8LXD, EV 101.9 MPH)
Batting: LHB Kolten Wong 0-0: Ground out 5-3 (Groundball, 56S, EV 84.4 MPH)
Batting: RHB Ke'Bryan Hayes 0-0: Foul Ball, location: 2F
0-1: Swinging Strike
0-2: Ball
1-2: Foul Ball, location: 2F
1-2: Strikes out swinging
Bottom of the 5th over - 4 runs, 4 hits, 0 errors, 1 left on base; Houston 0 - New York 6
TOP OF THE 6TH
Houston Astros batting - Pitching for New York Mets : RHP Luis Castillo
Batting: LHB Will Benson 0-0: Ball
1-0: Called Strike
1-1: Fly out, F9 (Flyball, 89XD, EV 99.4 MPH)
Batting: RHB Manny Machado 0-0: Foul Ball, location: 2F
0-1: Ball
1-1: Ball
2-1: Ball
3-1: Base on Balls
Batting: LHB Matt Carpenter 0-0: Swinging Strike
0-1: Foul Ball, location: 2F
0-2: Foul Ball, location: 2F
0-2: Ball
1-2: Ball
2-2: Ball
3-2: SINGLE (Flyball, 8RM, EV 79.4 MPH)
Manny Machado to second
Batting: LHB Austin Allen 0-0: Ball
1-0: Ball
2-0: Called Strike
2-1: Foul Ball, location: 2F
2-2: Foul Ball, location: 2F
2-2: Foul Ball, location: 2F
2-2: Hit by Pitch
Manny Machado to third
Matt Carpenter to second
Batting: LHB Ji-man Choi 0-0: Called Strike
0-1: Fielders Choice at 2nd, 6-4 (Groundball, 56D, EV 91.9 MPH)
Manny Machado scores
Matt Carpenter to third
Batting: RHB DJ LeMahieu 0-0: Foul Ball, location: 2F
0-1: Ball
1-1: Ball
2-1: Swinging Strike
2-2: DOUBLE (Line Drive, 7LM, EV 101.2 MPH)
Matt Carpenter scores
Ji-man Choi to third
Batting: RHB Jose Rondon 0-0: Foul Ball, location: 2F
0-1: Ball
1-1: Ball
2-1: Foul Ball, location: 2F
2-2: Strikes out swinging
Top of the 6th over - 2 runs, 2 hits, 0 errors, 2 left on base; Houston 2 - New York 6
BOTTOM OF THE 6TH
New York Mets batting - Pitching for Houston Astros : LHP Tyler Lyons
Batting: RHB Andrelton Simmons 0-0: Ball
1-0: Ball
2-0: Ball
3-0: Called Strike
3-1: Base on Balls
Pitching: RHP Greg Holland
Batting: LHB Gavin Lux 0-0: Called Strike
0-1: Foul Ball, location: 2F
0-2: Foul Ball, location: 2F
0-2: Ball
1-2: Ball
2-2: Ball
3-2: Base on Balls
Andrelton Simmons to second
Batting: LHB Brandon Nimmo 0-0: Ball
1-0: Foul Ball, location: 2F
1-1: Swinging Strike
1-2: Ball
2-2: Foul Ball, location: 2F
2-2: Foul Ball, location: 2F
2-2: Strikes out swinging
Batting: RHB Paul Goldschmidt 0-0: DOUBLE (Line Drive, 89M, EV 95.6 MPH)
Andrelton Simmons scores
Gavin Lux to third
Batting: RHB Mike Trout 0-0: Foul Ball, location: 2F
0-1: Swinging Strike
0-2: Ball
1-2: Ball
2-2: Foul Ball, location: 2F
2-2: Strikes out swinging
Batting: LHB Cody Bellinger 0-0: Foul Ball, location: 2F
0-1: Ball
1-1: Called Strike
1-2: Fly out, F4 (Popup, 34, EV 75.0 MPH)
Bottom of the 6th over - 1 run, 1 hit, 0 errors, 2 left on base; Houston 2 - New York 7
TOP OF THE 7TH
Houston Astros batting - Pitching for New York Mets : RHP Luis Castillo
Batting: RHB Michael A. Taylor 0-0: Called Strike
0-1: Ground out 6-3 (Groundball, 6, EV 77.5 MPH)
Batting: LHB Akil Baddoo 0-0: Called Strike
0-1: Ball
1-1: Ball
2-1: Swinging Strike
2-2: Ground out 6-3 (Groundball, 6D, EV 101.2 MPH)
Batting: LHB Will Benson 0-0: Foul Ball, location: 2F
0-1: Called Strike
0-2: Foul Ball, location: 2F
0-2: Ball
1-2: Foul Ball, location: 2F
1-2: Ball
2-2: Ball
3-2: Ground out 4-3 (Groundball, 4, EV 83.1 MPH)
Top of the 7th over - 0 runs, 0 hits, 0 errors, 0 left on base; Houston 2 - New York 7
BOTTOM OF THE 7TH
New York Mets batting - Pitching for Houston Astros : RHP Greg Holland
Pitching: RHP Luke Weaver
Batting: RHB Tyler Stephenson 0-0: Ball
1-0: Ball
2-0: Ball
3-0: Base on Balls
Batting: LHB Kolten Wong 0-0: Ball
1-0: Ball
2-0: Called Strike
2-1: Fly out, F8 (Flyball, 8RM, EV 94.4 MPH)
Batting: RHB Ke'Bryan Hayes 0-0: Reached on error, E6 (Groundball, 6, EV 87.5 MPH)
Tyler Stephenson to second
Batting: RHB Andrelton Simmons 0-0: Ball
1-0: Grounds into double play, 4-6-3 (Groundball, 4, EV 86.9 MPH)
Bottom of the 7th over - 0 runs, 0 hits, 1 error, 1 left on base; Houston 2 - New York 7
TOP OF THE 8TH
Houston Astros batting - Pitching for New York Mets : RHP Luis Castillo
Pitching: LHP Taylor Rogers
Batting: RHB Manny Machado 0-0: Ball
1-0: SINGLE (Line Drive, 8RS, EV 88.1 MPH)
Batting: LHB Matt Carpenter 0-0: Fly out, F9 (Line Drive, 89S, EV 93.1 MPH)
Batting: LHB Austin Allen 0-0: Fielders Choice at 2nd, 4-6 (Groundball, 34D, EV 96.2 MPH)
Batting: LHB Ji-man Choi 0-0: Ball
1-0: Ball
2-0: Called Strike
2-1: Swinging Strike
2-2: Strikes out swinging
Top of the 8th over - 0 runs, 1 hit, 0 errors, 1 left on base; Houston 2 - New York 7
BOTTOM OF THE 8TH
New York Mets batting - Pitching for Houston Astros : RHP Luke Weaver
Batting: LHB Gavin Lux 0-0: Foul Ball, location: 2F
0-1: Ball
1-1: Swinging Strike
1-2: Foul Ball, location: 2F
1-2: Ball
2-2: Fly out, F7 (Flyball, 7S, EV 94.4 MPH)
Batting: LHB Brandon Nimmo 0-0: Foul Ball, location: 2F
0-1: Foul Ball, location: 2F
0-2: Ball
1-2: Foul Ball, location: 2F
1-2: Foul Ball, location: 2F
1-2: Foul Ball, location: 2F
1-2: Foul Ball, location: 2F
1-2: Ground out 4-3 (Groundball, 4, EV 105.0 MPH)
Batting: RHB Paul Goldschmidt 0-0: Called Strike
0-1: Called Strike
0-2: Ball
1-2: Foul Ball, location: 2F
1-2: Ground out 6-3 (Groundball, 6MS, EV 66.9 MPH)
Bottom of the 8th over - 0 runs, 0 hits, 0 errors, 0 left on base; Houston 2 - New York 7
TOP OF THE 9TH
Houston Astros batting - Pitching for New York Mets : LHP Taylor Rogers
Batting: RHB DJ LeMahieu 0-0: Ball
1-0: Called Strike
1-1: Called Strike
1-2: Ball
2-2: Foul Ball, location: 2F
2-2: Ball
3-2: Foul Ball, location: 2F
3-2: Foul Ball, location: 2F
3-2: Fly out, F9 (Flyball, 9S, EV 88.8 MPH)
Batting: RHB Jose Rondon 0-0: Called Strike
0-1: Ball
1-1: Foul Ball, location: 2F
1-2: SOLO HOME RUN (Flyball, 9LD, EV 90.0 MPH), Distance : 351 ft
Batting: RHB Michael A. Taylor 0-0: Ground out 4-3 (Groundball, 4M, EV 101.9 MPH)
Batting: LHB Akil Baddoo 0-0: Ball
1-0: Swinging Strike
1-1: Swinging Strike
1-2: Ball
2-2: Strikes out swinging
Top of the 9th over - 1 run, 1 hit, 0 errors, 0 left on base; Houston 3 - New York 7
Wednesday, July 5th , 2023 - OOTP Baseball 23.10 Build 110